 Dungeon Crawl Stone Soup version 0.24.0-125-gc4c63601f3 (webtiles) character file.

Game seed: 12341119210308725461, levelgen mode: deterministic

14746 Frank2 the Basher (level 11, -7/86 HPs)
             Began as a Demonspawn Gladiator on Mar 14, 2020.
             Was a High Priest of Makhleb.
             Splashed by an oklob plant's acid (12 damage)
             ... on level 11 of the Dungeon.
             The game lasted 00:17:34 (8563 turns).

Frank2 the Basher (Demonspawn Gladiator)            Turns: 8563, Time: 00:17:35

Health: -7/86      AC: 29    Str: 15    XL:     11   Next: 92%
Magic:  0/12       EV:  7    Int: 15    God:    Makhleb [*****.]
Gold:   684        SH:  0    Dex: 18    Spells: 10/10 levels left

rFire    . . .     SeeInvis +   a - +0 flail
rCold    . . .     Gourm    .   (no shield)
rNeg     . . .     Faith    .   y - +13 plate armour of the Journeyman {Int+6 Slay+2}
rPois    .         Spirit   +   c - +2 helmet
rElec    .         Reflect  .   A - +1 cloak
rCorr    .         Harm     .   J - +0 pair of gloves
MR       .....                  (no boots)
Stlth    ..........             m - amulet of regeneration
HPRegen  0.64/turn              B - ring of see invisible
MPRegen  0.13/turn              q - +4 ring of protection

@: corroded
A: hooves 2, thin metallic scales 2, spiny 2, magic shield
a: Minor Destruction, Lesser Servant of Makhleb, Major Destruction, Greater
Servant of Makhleb, Renounce Religion


You were on level 11 of the Dungeon.
You worshipped Makhleb.
Makhleb was extremely pleased with you.
You were not hungry.

You visited 2 branches of the dungeon, and saw 12 of its levels.

You collected 684 gold pieces.

Inventory:

Hand Weapons
 a - a +0 flail (weapon)
 u - a +0 morningstar
Missiles
 d - 4 throwing nets (quivered)
Armour
 c - a +2 helmet (worn)
 y - the +13 plate armour of the Journeyman (worn) {Int+6 Slay+2}
   (You found it on level 5 of the Dungeon)

   It affects your intelligence (+6).
   It affects your accuracy and damage with ranged weapons and melee attacks
   (+2).
 A - a +1 cloak (worn)
 J - a +0 pair of gloves (worn)
Jewellery
 g - an uncursed ring of protection from cold
 j - an uncursed ring of fire
 m - an amulet of regeneration (around neck)
 q - a +4 ring of protection (right hand)
 B - a ring of see invisible (left hand)
Wands
 w - a wand of paralysis (23)
 x - a wand of random effects (55)
 I - a wand of iceblast (8)
Scrolls
 h - 3 scrolls of remove curse
 i - 2 scrolls of teleportation
 r - 2 scrolls of blinking
 z - 4 scrolls of fear
 C - 2 scrolls of identify
 D - a scroll of magic mapping {unknown}
 G - a scroll of random uselessness {unknown}
Potions
 b - 11 potions of curing
 e - a potion of cancellation {unknown}
 k - a potion of lignification
 l - 2 potions of berserk rage
 n - 3 potions of might
 o - 2 potions of flight
 p - 2 potions of resistance {unknown}
 s - 3 potions of mutation {unknown}
 t - a potion of heal wounds {unknown}
 v - a potion of haste {unknown}
 F - 2 potions of magic {unknown}
 H - a potion of ambrosia {unknown}
Comestibles
 f - 29 rations
 K - 13 chunks of flesh


   Skills:
 + Level 8.0 Fighting
 + Level 12.1 Maces & Flails
 - Level 1.7 Throwing
 * Level 10.1 Armour
 + Level 4.5 Dodging
 + Level 2.6 Invocations
 + Level 2.1 Evocations


You had 10 spell levels left.
You didn't know any spells.
Your spell library contained the following spells:

 Spells                   Type           Power        Failure   Level  Hunger
 Animate Skeleton         Necr           N/A          100%        1    ##.....
 Apportation              Tloc           #.....       100%        1    ##.....
 Confusing Touch          Hex            #.....       100%        1    ##.....
 Corona                   Hex            #......      100%        1    ##.....
 Flame Tongue             Conj/Fire      #....        100%        1    ##.....
 Freeze                   Ice            #...         100%        1    ##.....
 Pain                     Necr           #...         100%        1    ##.....
 Sandblast                Erth           #.....       100%        1    ##.....
 Summon Small Mammal      Summ           #...         100%        1    ##.....
 Ensorcelled Hibernation  Hex/Ice        #.....       100%        2    ###....
 Passwall                 Tmut/Erth      #.......     100%        2    ###....
 Slow                     Hex            #.......     100%        2    ###....
 Throw Flame              Conj/Fire      #.....       100%        2    ###....
 Throw Frost              Conj/Ice       #.....       100%        2    ###....
 Confuse                  Hex            #.......     100%        3    ####...
 Conjure Flame            Conj/Fire      #.......     100%        3    ####...
 Dazzling Spray           Conj/Hex       #.....       100%        3    ####...
 Inner Flame              Hex/Fire       #.......     100%        3    ####...
 Ozocubu's Armour         Chrm/Ice       #.......     100%        3    ####...
 Portal Projectile        Hex/Tloc       #.....       100%        3    ####...
 Regeneration             Chrm/Necr      #.........   100%        3    ####...
 Stone Arrow              Conj/Erth      #.....       100%        3    ####...
 Tukima's Dance           Hex            #.......     100%        3    ####...
 Vampiric Draining        Necr           #.........   100%        3    ####...
 Animate Dead             Necr           N/A          100%        4    #####..
 Cause Fear               Hex            #.........   100%        4    #####..
 Leda's Liquefaction      Hex/Erth       #.........   100%        4    #####..
 Petrify                  Tmut/Erth      #.......     100%        4    #####..
 Sticky Flame             Conj/Fire      #.......     100%        4    #####..
 Summon Ice Beast         Ice/Summ       #.......     100%        4    #####..
 Throw Icicle             Conj/Ice       #.......     100%        4    #####..
 Fireball                 Conj/Fire      #.........   100%        5    ######.
 Lee's Rapid Deconstruct  Erth           #.........   100%        5    ######.


Dungeon Overview and Level Annotations

Branches:
Dungeon (11/15)            Temple (1/1) D:4            Lair (0/6) D:10
    Orc (0/2) D:10

Altars:
Ashenzari
Cheibriados
Dithmenos
Elyvilon
Fedhas
Gozag
Hepliaklqana
Kikubaaqudgha
Makhleb
Nemelex Xobeh
Okawaru
Qazlal
Ru
Sif Muna
Trog
Uskayaw
Vehumet
Wu Jian
Xom
Yredelemnul
Zin
The Shining One
Lugonu

Shops:
D:10 [(

Annotations:
D:11 exclusions: oklob plant and oklob sapling


Innate Abilities, Weirdness & Mutations

You have hoof-like feet.
You are mostly covered in thin metallic scales. (AC +3)
You are mostly covered in sharp spines.
When hurt, damage is shared between your health and your magic reserves.


Message History

The oklob plant is heavily damaged.
The oklob plant spits acid at you.
The splash of acid hits you but does no damage.
The acid corrodes you!
You are splashed with acid!
Evoke which item? (* to show all) (? for menu, Esc to quit)
Aiming: Iceblast
Press: ? - help, Shift-Dir - straight line, f/p - oklob plant
Aim: an oklob plant (heavily damaged)
Okay, then.
Unknown command.
You disentangle yourself.
The oklob plant spits acid at you.
The splash of acid hits you but does no damage.
The acid corrodes you!
You are splashed with acid!
* * * LOW HITPOINT WARNING * * *
The oklob plant spits acid at you. The splash of acid hits you!
* * * LOW HITPOINT WARNING * * *
The acid corrodes you!
You are splashed with acid!
You die...

###..≈≈≈≈P≈≈..$≈..
#.≈≈≈≈##### .P≈.
#!≈≈♣ ###≈P♣ #P≈≈≈♣
♣≈ # ##≈≈≈≈♣ # ♣≈###
#P≈≈^≈♣####≈≈≈# ♣≈.##
#.P≈.♣♣†≈≈≈≈♣ ♣..##
#<..@P.♣♣♣♣♣♣♣♣♣♣..##
#.......#.# #.....#.
#.......'.# #.....#(
#.......### #.....'.
#.......# #...((##
###'##### #.)...#
##..# ####'## #..##
#..# ##'#######
#####'##


You could see an oklob plant.

Vanquished Creatures
  An ogre mage (D:11)
  6 two-headed ogres
  Pikel (D:7)
  An ugly thing (D:11)
  Maurice (D:8)
  An elephant (D:10)
  A gargoyle (D:11)
  3 trolls
  2 hornets (D:11)
  Grinder (D:5)
  Prince Ribbit (D:7)
  A hippogriff (D:11)
  4 yaks (D:10)
  2 basilisks (D:10)
  A hungry ghost (D:11)
  An acid dragon (D:11)
  Menkaure (D:7)
  Duvessa (D:7)
  5 water moccasins
  A slave (D:7)
  4 orc warriors
  2 ice beasts (D:8)
  An eye of draining (D:11)
  2 necrophages
  3 sky beasts
  A black bear (D:6)
  A phantom (D:9)
  7 ogres
  7 centaurs
  A crocodile (D:11)
  4 bullfrogs
  2 big kobolds
  Dowan (D:7)
  2 scorpions (D:5)
  4 wights (D:6)
  3 electric eels (D:6)
  6 howler monkeys
  8 crimson imps
  2 jellies
  A bullfrog zombie (D:5)
  2 centaur zombies
  9 hounds
  3 orc priests
  2 bullfrog skeletons
  2 iguanas
  9 orc wizards
  4 worker ants
  3 hound skeletons
  3 gnolls (D:9)
  19 adders
  3 shadow imps
  An ooze (D:5)
  2 worms
  3 leopard geckos
  41 orcs
  15 ball pythons
  2 giant cockroaches
  10 goblins
  2 hobgoblins
  17 jackals
  21 kobolds
  2 quokkas
  8 bats
  8 frilled lizards
  A quokka skeleton (D:8)
  6 rats (D:1)
296 creatures vanquished.

Vanquished Creatures (others)
  2 slaves (D:7)
  A goblin (D:3)
  A jackal (D:7)
4 creatures vanquished.

Grand Total: 300 creatures vanquished

Notes
Turn   | Place    | Note
-------+----------+-------------------------------------------
     0 | D:1      | Frank2 the Demonspawn Gladiator began the quest for the
                  | Orb.
     0 | D:1      | Reached XP level 1. HP: 16/16 MP: 1/1
    45 | D:1      | Reached skill level 3 in Maces & Flails
    49 | D:1      | Gained mutation: You are partially covered in sharp spines.
                  | [demonic ancestry]
    49 | D:1      | Reached XP level 2. HP: 21/22 MP: 2/2
   228 | D:1      | Gained mutation: When hurt, damage is shared between your
                  | health and your magic reserves. [demonic ancestry]
   228 | D:1      | Reached XP level 3. HP: 27/27 MP: 3/3
   699 | D:2      | Gained mutation: You are mostly covered in sharp spines.
                  | [demonic ancestry]
   699 | D:2      | Reached XP level 4. HP: 33/34 MP: 4/4
   867 | D:2      | Reached skill level 4 in Maces & Flails
   867 | D:2      | Reached skill level 1 in Armour
  1149 | D:2      | Found a stormy altar of Qazlal.
  1292 | D:3      | Gained mutation: You have large cloven feet. [demonic
                  | ancestry]
  1292 | D:3      | Reached XP level 5. HP: 39/39 MP: 5/5
  2032 | D:4      | Reached XP level 6. HP: 46/46 MP: 6/6
  2077 | D:4      | Reached skill level 5 in Maces & Flails
  2150 | D:4      | Found an ancient bone altar of Kikubaaqudgha.
  2312 | D:4      | Found a staircase to the Ecumenical Temple.
  2348 | Temple   | Entered the Ecumenical Temple
  2378 | Temple   | Became a worshipper of Makhleb the Destroyer
  2900 | D:5      | Entered Level 5 of the Dungeon
  3072 | D:5      | Gained mutation: You are partially covered in thin metallic
                  | scales. (AC +2) [demonic ancestry]
  3072 | D:5      | Reached XP level 7. HP: 52/52 MP: 7/7
  3189 | D:5      | Reached skill level 1 in Invocations
  3189 | D:5      | Reached skill level 1 in Evocations
  3192 | D:5      | Reached skill level 6 in Maces & Flails
  3310 | D:5      | Noticed Grinder
  3311 | D:5      | Got a pitted plate armour
  3322 | D:5      | Reached * piety under Makhleb
  3338 | D:5      | Killed Grinder
  3338 | D:5      | Gained mutation: You have hoof-like feet. [demonic
                  | ancestry]
  3338 | D:5      | Reached XP level 8. HP: 59/59 MP: 7/9
  3397 | D:5      | Identified the +13 plate armour of the Journeyman {Int+6
                  | Slay+2} (You found it on level 5 of the Dungeon)
  3645 | D:5      | Found a shattered altar of Ashenzari.
  3645 | D:5      | Found a blossoming altar of Fedhas.
  3654 | D:5      | Found a bloodstained altar of Trog.
  3656 | D:5      | Found a shimmering altar of Xom.
  3658 | D:5      | Found a hide-covered altar of Uskayaw.
  3957 | D:6      | Found a shadowy altar of Dithmenos.
  4115 | D:6      | Found the +3 robe of Folly {Archmagi, MR-- Int+5}
  4270 | D:6      | Reached skill level 7 in Maces & Flails
  4349 | D:6      | Found a radiant altar of Vehumet.
  4349 | D:6      | Found an opulent altar of Gozag.
  4349 | D:6      | Found an iron altar of Okawaru.
  4471 | D:6      | Found a hazy altar of Hepliaklqana.
  4752 | D:7      | Noticed Prince Ribbit
  4766 | D:7      | Killed Prince Ribbit
  4766 | D:7      | Reached skill level 5 in Armour
  4786 | D:7      | Noticed a troll
  4788 | D:7      | Noticed Pikel
  4802 | D:7      | Killed Pikel
  4802 | D:7      | Reached XP level 9. HP: 65/65 MP: 10/10
  4810 | D:7      | Killed a troll
  4810 | D:7      | Reached skill level 8 in Maces & Flails
  4909 | D:7      | Noticed Menkaure
  4916 | D:7      | Killed Menkaure
  5022 | D:7      | Noticed Duvessa
  5031 | D:7      | Killed Duvessa
  5035 | D:7      | Noticed Dowan
  5050 | D:7      | Killed Dowan
  5255 | D:7      | Reached ** piety under Makhleb
  5272 | D:7      | Found a sacrificial altar of Ru.
  5848 | D:8      | Found a glowing silver altar of Zin.
  5860 | D:8      | Noticed Maurice
  5925 | D:8      | Reached skill level 9 in Maces & Flails
  6208 | D:8      | Killed Maurice
  6208 | D:8      | Reached skill level 5 in Fighting
  6208 | D:8      | Reached XP level 10. HP: 74/74 MP: 9/11
  6429 | D:8      | Found a glowing golden altar of the Shining One.
  6504 | D:8      | Found a sparkling altar of Nemelex Xobeh.
  6958 | D:9      | Reached *** piety under Makhleb
  7233 | D:10     | Entered Level 10 of the Dungeon
  7247 | D:10     | Found a staircase to the Lair.
  7247 | D:10     | Noticed an elephant
  7279 | D:10     | Reached skill level 10 in Maces & Flails
  7286 | D:10     | Killed an elephant
  7546 | D:10     | Found Enuzehirch's Weapon Boutique.
  7546 | D:10     | Found a staircase to the Orcish Mines.
  7554 | D:10     | Found Zuraumuo's Armour Boutique.
  7572 | D:10     | Reached **** piety under Makhleb
  7688 | D:10     | Noticed a two-headed ogre
  7698 | D:10     | Killed a two-headed ogre
  7698 | D:10     | Gained mutation: You are mostly covered in thin metallic
                  | scales. (AC +3) [demonic ancestry]
  7698 | D:10     | Reached XP level 11. HP: 83/83 MP: 9/12
  7890 | D:11     | Noticed a two-headed ogre
  7903 | D:11     | Killed a two-headed ogre
  7903 | D:11     | Reached skill level 11 in Maces & Flails
  7958 | D:11     | Noticed a cyan ugly thing
  7971 | D:11     | Killed a cyan ugly thing
  8061 | D:11     | Noticed a two-headed ogre
  8070 | D:11     | Killed a two-headed ogre
  8341 | D:11     | Noticed an ogre mage
  8347 | D:11     | Noticed a two-headed ogre
  8349 | D:11     | Noticed a two-headed ogre
  8351 | D:11     | Paralysed by an ogre mage for 2 turns
  8360 | D:11     | Killed an ogre mage
  8367 | D:11     | Killed a two-headed ogre
  8376 | D:11     | Killed a two-headed ogre
  8376 | D:11     | Reached skill level 10 in Armour
  8491 | D:11     | Noticed a two-headed ogre
  8500 | D:11     | Killed a two-headed ogre
  8500 | D:11     | Reached skill level 12 in Maces & Flails
  8517 | D:11     | Reached ***** piety under Makhleb
  8551 | D:11     | Noticed an oklob plant
  8563 | D:11     | Splashed by an oklob plant's acid

Levels and vault maps discovered:
D:1:      eino_arrival_water_star, layout_basic
D:2:      layout_rooms, lemuel_coloured_pillars_altar, hangedman_glass_garden,
          minmay_snake_closets
D:3:      layout_basic, lemuel_another_geyser
D:4:      layout_loops_corners, kiku_gazebo_pond_becter,
          minmay_temple_entry_waves, first_ration
D:5:      layout_basic, chequers_temple_overflow_minitemple, uniq_grinder
D:6:      layout_basic, gammafunk_temple_overflow_forgotten,
          grunt_dithmenos_smoke_and_mirrors, lemuel_round_altar,
          serial_bayou_lagoon_a, minmay_misc_feat_enclosed
D:7:      layout_loops_corners, nicolae_ru_sacrificial_ziggurat,
          grunt_ogre_cave, uniq_prince_ribbit1, uniq_duvessa, uniq_pikel,
          uniq_menkaure
D:8:      layout_basic, tso_oasis_becter, kennysheep_mini_moat,
          lemuel_doored_altar, dk_rats_in_the_wall, uniq_maurice
D:9:      layout_gridville
D:10:     layout_basic, david_lair_generic, orc_david_3, kennysheep_just_a_vault
D:11:     layout_roguey, introduction_to_nature_1
Temple:   corrupted_temple

Skill      XL: |  1  2  3  4  5  6  7  8  9 10 11 |
---------------+----------------------------------+-----
Maces & Flails | 3 4 5 6 7 9 10 12 | 12.1
Dodging        | 3 4 |  4.5
Armour         | 1 2 3 5 7 9 10 | 10.1
Fighting       | 3 4 5 6 8 |  8.0
Invocations    | 2 |  2.6
Evocations     | 2 |  2.1
Throwing       | |  1.7

Action                   |  1- 3 |  4- 6 |  7- 9 | 10-12 || total
-------------------------+-------+-------+-------+-------++-------
Melee: Flail             |    68 |   125 |   221 |   357 ||   771
       Kick              |       |    21 |    83 |   147 ||   251
Throw: Throwing net      |       |     1 |     5 |       ||     6
Evoke: Wand              |       |       |       |     9 ||     9
  Use: Scroll            |     5 |     4 |     9 |     2 ||    20
 Stab: Held in net/web   |       |     2 |     1 |       ||     3
  Eat: Chunk             |       |     6 |     8 |     9 ||    23
       Ration            |       |       |     1 |       ||     1
Armor: Leather armour    |     9 |       |       |       ||     9
       Ring mail         |    17 |    37 |    20 |       ||    74
       Plate armour      |       |       |   133 |   272 ||   405
Dodge: Dodged            |    55 |    63 |    71 |   121 ||   310
